 Dungeon Crawl Stone Soup version 0.30-a0-476-g330ca2eb8e (webtiles) character file.

Game seed: 9637053656028051363

61 Raultor the Insei (level 4, -4/34 HPs)
             Began as an Octopode Transmuter on Dec 21, 2022.
             Slain by Crazy Yiuf
             ... wielding a +3 quarterstaff of chaos
              (6 damage)
             ... while paralysed by Crazy Yiuf
             ... on level 2 of the Dungeon.
             The game lasted 00:02:21 (1113 turns).

Raultor the Insei (Octopode Transmuter)             Turns: 1113, Time: 00:02:22

Health: -4/34      AC:  6    Str:  9    XL:     4   Next: 7%
Magic:  1/7        EV:  1    Int: 17    God:
Gold:   115        SH:  0    Dex: 12    Spells: 0/7 levels left

rFire   x . .      SeeInvis .      - Unarmed
rCold   + + +      Faith    .    (shield currently unavailable)
rNeg    . . .      Spirit   .    (helmet currently unavailable)
rPois   +          Reflect  .    (no amulet)
rElec   .          Harm     .    (no ring)
rCorr   .          Rampage  .    (no ring)
Will    .....                    (no ring)
Stlth   +.........               (no ring)
HPRegen 0.25/turn                (no ring)
MPRegen 0.10/turn                (no ring)
                                 (no ring)
                                 (no ring)

@: paralysed, lethally poisoned (-4 -> -11), ice-form
A: freezing attack, boosted hp, almost no armour, amphibious, 8 rings, large,
(camouflage 1), (gelatinous body 1), (nimble swimmer 1), (tentacles)
a: End Transformation


You were on level 2 of the Dungeon.
You were a creature of crystalline ice.
You visited 1 branch of the dungeon, and saw 2 of its levels.

You collected 115 gold pieces.


Innate Abilities, Weirdness & Mutations

You are a creature of crystalline ice.
You have a powerful freezing melee attack.
Your maximum health is increased.
Your armour is entirely melded.
You are incapable of wielding weapons or throwing items.
You cannot wear most types of armour.
You are amphibious.
You can wear up to eight rings at the same time.
((Your skin changes colour to match your surroundings (Stealth+).))
((Your rubbery body absorbs attacks. (AC +1, EV +1)))
((You are camouflaged when in or above water. (Stealth+)))
((You have tentacles for arms and can constrict up to eight enemies at once.))


   Skills:
 + Level 1.7 Fighting
 - Level 2.0 Dodging
 + Level 3.3 Unarmed Combat
 - Level 2.0 Spellcasting
 * Level 2.9 Transmutations
 * Level 1.8 Ice Magic


You couldn't memorise any spells.
You knew the following spells:

 Your Spells              Type           Power      Damage    Failure   Level
b - Beastly Appendage     Tmut           22%        N/A       6%          1
c - Ice Form              Ice/Tmut       9%         N/A       58%         4
w - Wereblood             Tmut           11%        N/A       9%          2

Your spell library contained the following spells:

 Spells                   Type           Power      Damage    Failure   Level
 Spider Form              Tmut/Pois      6%         N/A       32%         3

Inventory:

Scrolls
 c - 2 scrolls of identify {unknown}
 e - a scroll of teleportation {unknown}
Potions
 a - a potion of lignification
 b - a potion of invisibility {unknown}
 d - 2 potions of mutation {unknown}

Dungeon Overview and Level Annotations

Branches:
Dungeon (2/15)

Altars:

Annotations:
D:2 Crazy Yiuf

...........
.#####.### #)#
#####.# #.....#
♣♣♣♣♣##.##### ▒▒▒
♣♣♣.♣.P.#..#
▒...▒♣..♣.P.....#
▒...gY♣♣♣♣......#
▒)..▒♣♣ ♣♣P.#.##
▒▒▒ ♣♣####


You could see Crazy Yiuf.


Message History

The spell is astonishingly dangerous to miscast (58% risk of failure)!
Continue anyway?
You miscast Ice Form.
You are very lightly contaminated with residual magic.
Nothing appears to happen.
Crazy Yiuf says, "Candle agre broken!"
Your magical contamination has completely faded away.
Casting: Ice Form (astonishingly dangerous; 58% risk of failure)
Confirm with . or Enter, or press ? or * to list all spells.
The spell is astonishingly dangerous to miscast (58% risk of failure)!
Continue anyway?
You turn into a creature of crystalline ice.
You open the door. You hit Crazy Yiuf. You freeze Crazy Yiuf.
Crazy Yiuf is moderately wounded.
Crazy Yiuf whimpers, "Action sing mumblescurry!"
Crazy Yiuf hits you with a +3 quarterstaff of chaos.
You suddenly lose the ability to move!
Crazy Yiuf hits you with a +3 quarterstaff of chaos.
Crazy Yiuf melts you.
Crazy Yiuf says, "Hah arga toodlewoodle!"
Crazy Yiuf hits you with a +3 quarterstaff of chaos!
Crazy Yiuf draws strength from your wounds!
Crazy Yiuf hits you with a +3 quarterstaff of chaos!
* * * LOW HITPOINT WARNING * * *
Crazy Yiuf hits you with a +3 quarterstaff of chaos!
* * * LOW HITPOINT WARNING * * *
You are lethally poisoned!
* * * LOW HITPOINT WARNING * * *
You feel sick.
Crazy Yiuf hits you with a +3 quarterstaff of chaos.
You die...

Skill      XL: |  1  2 |
---------------+-------+-----
Ice Magic      | 1 |  1.8
Fighting       | |  1.7
Dodging        | |  2.0
Unarmed Combat | |  3.3
Spellcasting   | |  2.0
Transmutations | |  2.9

Action                   |  1- 3 |  4- 6 || total
-------------------------+-------+-------++-------
Melee: Unarmed           |    59 |     3 ||    62
       Constrict         |    13 |     1 ||    14
       Kick              |    13 |       ||    13
       Tentacles         |     6 |       ||     6
       Punch             |     1 |       ||     1
 Cast: Beastly Appendage |     8 |       ||     8
       Ice Form          |       |     1 ||     1
  Use: Potion            |     1 |       ||     1
Armor: Skin              |     8 |       ||     8
Dodge: Dodged            |    31 |       ||    31

Levels and vault maps discovered:
D:1:      dpeg_arrival_simpleton_c, layout_basic, dreamdust_wishing_well
D:2:      layout_loops_ring, serial_glass, glass_columns_b, glass_columns_c,
          glass_columns_b, glass_columns_a, glass_columns_b, glass_columns_a,
          chequers_serial_rivers_large_a, uniq_crazy_yiuf_cottage, uniq_terence

Notes
Turn   | Place    | Note
-------+----------+-------------------------------------------
     0 | D:1      | Raultor the Octopode Transmuter began the quest for the
                  | Orb.
     0 | D:1      | Reached XP level 1. HP: 13/13 MP: 3/3
   119 | D:1      | Reached XP level 2. HP: 18/18 MP: 3/5
   226 | D:1      | Learned a level 2 spell: Wereblood
   385 | D:1      | Reached skill level 1 in Ice Magic
   489 | D:1      | Reached XP level 3. HP: 14/23 MP: 4/6
   867 | D:2      | Noticed Terence
   886 | D:2      | Killed Terence
   887 | D:2      | Reached XP level 4. HP: 10/29 MP: 7/7
  1085 | D:2      | Found a runed translucent door.
  1086 | D:2      | Noticed Crazy Yiuf
  1094 | D:2      | Learned a level 4 spell: Ice Form
  1108 | D:2      | Paralysed by Crazy Yiuf for 5 turns
  1112 | D:2      | HP: 3/34 [Crazy Yiuf/+3 quarterstaff of chaos (9)]
  1113 | D:2      | Slain by Crazy Yiuf

Vanquished Creatures
  Terence (D:2)
  An adder (D:2)
  6 ball pythons (D:1)
  2 endoplasms (D:1)
  5 goblins
  4 hobgoblins (D:1)
  A quokka (D:1)
  2 kobolds (D:1)
  3 rats (D:1)
25 creatures vanquished.

Table legend: (Time is in decaauts)
 A = Elapsed time spent in this place.
 B = Non-inter-level travel time spent in this place.
 C = Inter-level travel time spent in this place.
 D = Time resting spent in this place.
 E = Time spent auto-exploring this place.
 F = Levels seen in this place.
 G = Mean time per level.
                   A        B        C        D        E       F      G
               +--------+--------+--------+--------+--------+-----+--------+
         Total |   1108 |   1100 |      8 |      0 |    879 |   2 |  554.0 |
       Dungeon |   1108 |   1100 |      8 |      0 |    879 |   2 |  554.0 |
               +--------+--------+--------+--------+--------+-----+--------+

Top non-repeatable levels by time:
     D:1: 742 daAuts
     D:2: 366 daAuts

Table legend:
 A = Non-vault XP
 B = Vault XP
 C = Vault XP percentage of total XP
 D = Non-vault monster count
 E = Vault monster count
 F = Vault count percentage of total count
                 A         B        C        D         E       F
            +---------+---------+-------+---------+---------+-------
      Total |      52 |      36 |  40.9 |      24 |       1 |   4.0
            +---------+---------+-------+---------+---------+-------
        D:1 |      37 |       0 |   0.0 |      22 |       0 |   0.0
        D:2 |      15 |      36 |  70.6 |       2 |       1 |  33.3
            +---------+---------+-------+---------+---------+-------
